Map: Kairos Junction LE

Players

Smeeeger - Winner!

  • Race: Zerg Zerg
  • League: Platinum
  • Spawn Location: 11:00

LoneStar

  • Race: Zerg Zerg
  • League: Platinum
  • Spawn Location: 5:00

VOD

Have the link to the VOD?

Description

Time

  • Played on: July 14, 2019, 12:24 p.m.
  • Length: 11:17
Show
View Real Time Build Order
Export as new Build Order

Smeeeger Zerg - Winner!

Build Orders: Hatch First, Roach Hydra 

Get SALT Encoding   

  12  0:01  Drone  
  13  0:13  Overlord  
  13  0:17  Drone  
  14  0:32  Drone x2  
  16  0:36  Drone  
  17  0:47  Drone  
  18  0:58  Hatchery  
  18  1:01  Drone, Extractor  
  17  1:15  Spawning Pool  
  16  1:21  Drone  
  16  1:23  Drone  
  18  1:29  Drone  
  19  1:40  Overlord  
  19  2:02  Queen  
  19  2:03  Zergling x4  
  23  2:10  Queen  
  23  2:11  Zergling x2  
  26  2:18  Drone  
  27  2:27  Metabolic Boost  
  27  2:30  Drone  
  27  2:36  Drone x2  
  30  2:43  Overlord  
  30  2:45  Drone  
  30  2:46  Queen  
  33  2:52  Drone  
  34  2:59  Overlord  
  34  3:02  Drone  
  35  3:17  Drone x4  
  35  3:18  Drone, Overlord  
  40  3:26  Drone x2  
  42  3:34  Hatchery  
  42  3:36  Drone  
  42  3:46  Zergling x2  
  42  3:53  Queen  
  44  3:59  Extractor  
  44  4:00  Extractor  
  42  4:02  Roach Warren  
  42  4:03  Drone x3, Evolution Chamber  
  42  4:04  Drone  
  42  4:05  Drone  
  42  4:06  Drone x2  
  48  4:10  Zergling x4  
  49  4:21  Baneling Nest  
  48  4:33  Lair  
  48  4:40  Overlord x2  
  48  4:41  Drone  
  48  4:42  Drone  
  48  4:43  Drone  
  50  4:49  Zergling x10  
  50  4:50  Zergling x2  
  56  4:59  Roach x5  
  66  5:09  Overlord  
  66  5:20  Drone x4  
  66  5:21  Drone x3  
  73  5:27  Drone x2  
  75  5:29  Zerg Missile Weapons Level 1  
  75  5:36  Queen  
  75  5:37  Roach, Drone  
  75  5:38  Roach x3  
  75  5:40  Drone  
  87  5:54  Overlord  
  87  5:55  Overlord  
  87  6:02  Roach  
  86  6:16  Drone x5  
  91  6:19  Hydralisk Den  
  91  6:20  Glial Reconstitution  
  91  6:21  Roach x6  
  91  6:24  Drone x2  
  104  6:33  Extractor  
  104  6:35  Drone x4, Extractor  
  104  6:36  Drone, Extractor  
  104  6:37  Overlord x2  
  106  6:41  Centrifical Hooks  
  106  6:53  Overlord  
  106  6:54  Overlord x2  
  106  6:56  Overseer, Pneumatized Carapace  
  106  7:06  Spore Crawler  
  107  7:08  Roach x2  
  107  7:09  Spore Crawler, Roach x3  
  107  7:12  Baneling x2  
  107  7:13  Baneling  
  114  7:16  Roach  
  114  7:21  Roach x3  
  122  7:24  Roach x2  
  122  7:26  Overlord x2  
  122  7:27  Overlord  
  126  7:32  Muscular Augments  
  126  7:35  Baneling x2  
  126  7:37  Baneling  
  126  7:38  Baneling  
  126  7:51  Zerg Missile Weapons Level 2  
  126  7:55  Roach x2  
  126  7:56  Roach  
  126  7:58  Hydralisk  
  134  8:07  Overseer, Ravager  
  134  8:08  Hatchery  
  134  8:09  Roach  
  136  8:14  Drone x2  
  136  8:18  Hydralisk x2  
  136  8:19  Hydralisk  
  144  8:23  Hydralisk  
  144  8:25  Zergling x6  
  144  8:26  Zergling x6  
  152  8:40  Evolution Chamber  
  151  8:43  Grooved Spines, Evolution Chamber  
  151  8:46  Hydralisk  
  151  8:47  Hydralisk x3  
  158  8:49  Drone x4  
  162  8:57  Overlord x4  
  143  9:24  Hydralisk x11  
  137  9:35  Zergling x14  
  126  9:51  Roach x4  
  124  9:55  Zergling x4  
  124  9:56  Zergling x8  
  125  10:00  Drone x5  
  125  10:03  Hydralisk  
  126  10:09  Zergling x10  
  126  10:11  Baneling  
  126  10:12  Baneling x4  
  126  10:13  Baneling  
  131  10:14  Drone  
  131  10:27  Zergling x6  
  119  10:40  Zergling x2  
  119  10:41  Zergling x26  
  127  10:49  Drone  
  127  10:50  Drone x3  
Show
View Real Time Build Order
Export as new Build Order

LoneStar Zerg 

Build Orders: Hatch First, Roach Hydra 

Get SALT Encoding   

  12  0:01  Drone  
  13  0:12  Overlord  
  13  0:18  Drone  
  14  0:30  Drone  
  14  0:31  Drone  
  14  0:34  Drone  
  17  0:53  Hatchery  
  17  0:55  Drone  
  17  1:02  Drone, Extractor  
  17  1:15  Spawning Pool  
  17  1:17  Drone  
  17  1:21  Drone  
  18  1:28  Drone  
  19  1:49  Drone  
  19  1:53  Overlord  
  20  2:04  Queen  
  20  2:05  Queen  
  24  2:08  Metabolic Boost  
  24  2:14  Zergling x4  
  24  2:15  Drone  
  27  2:25  Drone x2  
  27  2:29  Overlord  
  29  2:32  Drone  
  30  2:45  Queen  
  30  2:46  Drone x2  
  34  2:52  Drone  
  34  2:56  Drone  
  36  2:59  Drone  
  36  3:17  Drone x2  
  36  3:18  Drone x2  
  36  3:19  Drone x2  
  42  3:21  Zergling x2  
  42  3:22  Overlord  
  43  3:36  Lair  
  43  3:44  Extractor  
  42  3:56  Drone x4, Extractor  
  42  3:57  Overlord x3, Extractor  
  44  4:13  Drone  
  44  4:14  Drone x2  
  47  4:19  Roach Warren  
  47  4:21  Evolution Chamber x2  
  44  4:24  Zergling x4  
  44  4:25  Zergling x2  
  47  4:32  Drone x5  
  52  4:48  Overlord x2  
  52  4:49  Overlord  
  52  4:52  Zerg Ground Armor Level 1, Zerg Missile Weapons Level 1  
  52  5:03  Glial Reconstitution  
  56  5:07  Roach x4  
  60  5:21  Hatchery  
  59  5:26  Roach x4  
  67  5:29  Hydralisk Den  
  67  5:31  Roach, Overlord  
  67  5:32  Drone  
  67  5:33  Drone  
  70  5:38  Drone x3  
  73  5:48  Roach x3  
  79  5:53  Roach  
  79  5:54  Roach  
  83  5:57  Hydralisk  
  84  6:16  Ravager x6  
  84  6:18  Overlord x4  
  90  6:22  Hydralisk x2  
  94  6:33  Drone x6  
  94  6:39  Queen  
  102  6:59  Drone x4  
  102  7:00  Overlord x2  
  102  7:01  Overlord  
  106  7:02  Hydralisk x2, Roach  
  112  7:13  Grooved Spines  
  112  7:17  Drone  
  112  7:18  Drone x2  
  115  7:29  Hydralisk x5  
  121  7:32  Zerg Missile Weapons Level 2  
  125  7:41  Zerg Ground Armor Level 2  
  125  7:51  Drone x3, Extractor  
  124  7:52  Drone x3, Overlord  
  124  7:55  Pneumatized Carapace  
  130  8:02  Overlord  
  130  8:03  Drone x5  
  130  8:04  Drone  
  136  8:09  Extractor  
  135  8:16  Hydralisk x3  
  141  8:24  Muscular Augments  
  141  8:27  Lurker Den  
  141  8:30  Drone x3  
  141  8:31  Drone x3  
  141  8:32  Overlord x3  
  141  8:33  Overlord  
  146  8:45  Overlord  
  146  8:46  Overlord  
  146  9:01  Infestation Pit  
  146  9:02  Hydralisk x6  
  147  9:03  Hydralisk  
  131  9:31  Hydralisk x5  
  109  9:32  Hydralisk x4  
  113  9:39  Drone x4  
  113  9:40  Drone x4  
  118  9:51  Drone  
  118  9:52  Drone x3  
  120  9:57  Queen x2  
  112  10:08  Roach x2  
  112  10:09  Roach  
  106  10:33  Queen x2  
  106  10:34  Roach  
  106  10:35  Roach x10  
  99  10:50  Roach x5  
Tags
 
Add a new tag
Caveats
  • Supply blocks, unpowered buildings, or Contaminate may cause inaccurate times.
  • Supply counts are checked every 10 seconds.